 Dungeon Crawl Stone Soup version 0.30-a0-222-ge547ba4400 (webtiles) character file.

Game seed: 1113325820088822854

201800 Decritt the Eclecticist (level 17, -10/91 HPs)
             Began as a Spriggan Enchanter on Oct 7, 2022.
             Was the Champion of Dithmenos.
             Killed from afar by Arachne (39 damage)
             ... with a poison arrow
             ... on level 3 of the Spider Nest on Oct 8, 2022.
             The game lasted 02:59:23 (35314 turns).

Decritt the Eclecticist (Spriggan Enchanter)       Turns: 35314, Time: 02:59:24

Health: -10/91     AC: 19    Str:  8      XL:     17   Next: 92%
Magic:  0/40       EV: 31    Int: 28 (30) God:    Dithmenos [******]
Gold:   1531       SH:  8    Dex: 22      Spells: 35/53 levels left

rFire   . . .      SeeInvis +    I - +7 Spriggan's Knife {stab, EV+4 Stlth+}
rCold   . . .      Faith    .    i - +0 buckler
rNeg    . . .      Spirit   +    a - quicksilver dragon scales "Dilus" {Will+ Regen+ Int+6}
rPois   .          Reflect  .    D - +1 hat {Will+}
rElec   .          Harm     .    A - +2 cloak
rCorr   .          Rampage  .    (gloves unavailable)
Will    ++++.                    (boots unavailable) Stlth ***+++++++
                                 W - amulet of guardian spirit
HPRegen 1.15/turn                f - +6 ring of intelligence
MPRegen 0.27/turn                G - ring "Izeig" {AC+4 Str+4}

@: lethally poisoned (-10 -> -31), wreathed by umbra, studying Spellcasting,
very quick
A: very small, no large weapons, unfitting armour, see invisible, speed 3
}: 1/15 runes: barnacled
a: Renounce Religion, Shadow Step, Shadow Form


You were on level 3 of the Spider Nest.
You worshipped Dithmenos.
Dithmenos was exalted by your worship.
You visited 7 branches of the dungeon, and saw 31 of its levels.

You collected 2825 gold pieces.
You spent 1294 gold pieces at shops.

Inventory:

Hand Weapons
 I - the +7 Spriggan's Knife (weapon) {stab, EV+4 Stlth+}
   (You found it on level 11 of the Dungeon)

   It is more effective when stabbing unaware enemies, sometimes treating them
   as though they were completely helpless.
   EV:        It affects your evasion (+4).
   Stlth:     It makes you more stealthy.
Missiles
 z - 5 throwing nets (quivered)
Armour
 a - the quicksilver dragon scales "Dilus" (worn) {Will+ Regen+ Int+6}
   (You acquired it on level 1 of the Spider Nest)

   Int:       It affects your intelligence (+6).
   Regen:     It increases your rate of health regeneration.
   Will:      It increases your willpower.
 i - a +0 buckler (worn)
 A - a +2 cloak (worn)
 D - a +1 hat of willpower (worn)
 U - +0 swamp dragon scales
Jewellery
 b - a ring of flight
 f - a +6 ring of intelligence (left hand)
 C - the amulet "Zepuntal" {Acrobat rN+ Stlth+}
   (You took it off a gnoll on level 10 of the Dungeon)

   [amulet of the acrobat]

   It increases your evasion while moving and waiting.
   rN:        It protects you from negative energy.
   Stlth:     It makes you more stealthy.
 G - the ring "Izeig" (right hand) {AC+4 Str+4}
   (You took it off a death knight on level 11 of the Dungeon)

   [ring of protection]

   AC:        It affects your AC (+4).
   Str:       It affects your strength (+4).
 J - a +6 ring of intelligence
 K - the ring of Lesser Demons {rN+ MP+9}
   (You acquired it on level 5 of the Lair of Beasts)

   [ring of magical power]

   rN:        It protects you from negative energy.
   MP:        It affects your magic capacity (+9).
 S - the ring "Befu Aca" {rC+ EV+4}
   (You took it off a merfolk on level 4 of the Shoals)

   [ring of evasion]

   EV:        It affects your evasion (+4).
   rC:        It protects you from cold.
 W - an amulet of guardian spirit (around neck)
Wands
 l - a wand of charming (14)
 H - a wand of mindburst (24)
 R - a wand of roots (3)
Scrolls
 m - 3 scrolls of teleportation
 r - 6 scrolls of identify
 w - 2 scrolls of summoning
 x - 5 scrolls of fear
 y - 3 scrolls of enchant armour
 L - a scroll of silence
 N - 2 scrolls of poison
 O - 4 scrolls of amnesia
 T - a scroll of magic mapping
Potions
 c - 5 potions of invisibility
 d - 7 potions of brilliance
 e - 5 potions of might
 g - 4 potions of flight
 h - 6 potions of haste
 j - 8 potions of curing
 o - 8 potions of ambrosia
 p - 2 potions of resistance
 q - 7 potions of lignification
 s - 2 potions of mutation
 B - 4 potions of cancellation
Miscellaneous
 M - a phantom mirror


   Skills:
 + Level 10.9 Fighting
 + Level 13.1 Short Blades
 - Level 1.0 Throwing
 + Level 5.7 Armour
 + Level 17.6 Dodging
 + Level 15.2 Stealth
 - Level 5.0 Shields
 + Level 18.6 Spellcasting
 + Level 16.4 Hexes
 - Level 1.1 Necromancy
 - Level 9.0 Invocations
 - Level 4.4 Evocations


You had 35 spell levels left.
You knew the following spells:

 Your Spells              Type           Power      Damage    Failure   Level
a - Confusing Touch       Hex            87%        N/A       1%          3
b - Enfeeble              Hex            43%        N/A       9%          7
c - Ensorcelled Hibernat  Hex/Ice        100%       N/A       1%          2
d - Dazzling Flash        Conj/Hex       100%       N/A       1%          3
e - Tukima's Dance        Hex            87%        N/A       1%          3

Your spell library contained the following spells:

 Spells                   Type           Power      Damage    Failure   Level
 Slow                     Hex            100%       N/A       0%          1
 Portal Projectile        Hex/Tloc       100%       N/A       1%          3
 Cause Fear               Hex            43%        N/A       1%          4
 Necrotise                Necr           100%       1d9       5%          1
 Magic Dart               Conj           100%       1d8       9%          1
 Sandblast                Erth           52%        2d12      9%          1
 Yara's Violent Unravell  Hex/Tmut       32%        3d13      9%          5
 Call Imp                 Summ           26%        N/A       13%         2
 Passwall                 Tmut/Erth      21%        N/A       13%         2
 Scorch                   Fire           52%        2d7       13%         2
 Vampiric Draining        Necr           32%        2d8       16%         3
 Ignite Poison            Fire/Tmut/Pois 26%        N/A       26%         3
 Kindle Blastsparks       Fire/Tloc/Air  52%        2d14      26%         3
 Mephitic Cloud           Conj/Pois/Air  26%        N/A       26%         3
 Stone Arrow              Conj/Erth      52%        3d10      26%         3
 Animate Armour           Summ/Erth      52%        N/A       63%         4
 Flame Wave               Conj/Fire      26%        2d8       63%         4
 Sticky Flame             Conj/Fire      26%        2d5       63%         4
 Summon Lightning Spire   Summ/Air       26%        N/A       63%         4
 Agony                    Necr           32%        N/A       82%         5
 Blade Hands              Tmut           13%        N/A       93%         5
 Freezing Cloud           Conj/Ice/Air   13%        6-21      93%         5
 Iron Shot                Conj/Erth      13%        9d3       100%        6
 Starburst                Conj/Fire      13%        6d5       100%        6
 Summon Cactus Giant      Summ           13%        N/A       100%        6
 Dragon Form              Tmut           13%        N/A       100%        7
 Storm Form               Tmut/Air       13%        N/A       100%        7
 Ignition                 Fire           13%        3d6       100%        8
 Maxwell's Capacitive Co  Air            13%        ∞         100%        8
 Dragon's Call            Summ           13%        N/A       100%        9


Dungeon Overview and Level Annotations

Branches:
Dungeon (15/15)            Temple (1/1) D:4            Lair (5/5) D:8
 Shoals (4/4) Lair:3       Spider (3/4) Lair:3        Slime (0/5) Lair:4
    Orc (2/2) D:9             Elf (0/3) Orc:2        Vaults (0/5) D:13
 Depths (1/4) D:15

Altars:
Ashenzari
Cheibriados
Dithmenos
Elyvilon
Fedhas
Gozag
Hepliaklqana
Kikubaaqudgha
Makhleb
Nemelex Xobeh
Okawaru
Qazlal
Ru
Sif Muna
Trog
Uskayaw
Vehumet
Wu Jian
Xom
Yredelemnul
Zin
The Shining One
Jiyva

Shops:
D:4 (   D:10 *   Orc:2 (([!   Shoals:1 *=   Depths:1 (

Portals:
Hell: Depths:1

Annotations:
D:6 exclusion: oklob plant
D:12 1 runed translucent door, exclusion: orange crystal statue
Spider:2 Roxanne
Spider:3 Arachne


Innate Abilities, Weirdness & Mutations

You are very small and have problems with some larger weapons.
You are too small for most types of armour.
You have supernaturally acute eyesight. (SInv)
You cover ground extremely quickly. (Speed+++)


Message History

Aiming: Ensorcelled Hibernation (safe; 1% risk of failure)
Press: ? - help, Shift-Dir - straight line, f - Arachne
Aim: Arachne, wielding a staff of poison (almost dead, umbra, chance to affect: 37%) Arachne easily resists.
The culicivora's many legs skitter faintly.
You feel sick.
Arachne points her staff at you, shooting a stream of webbing.
The stream of webbing misses you.
Arachne is healed somewhat.
You hit Arachne.
Arachne is almost dead.
Your shadow hits Arachne with a dagger.
You feel sick.
You are no longer poisoned.
Arachne closely misses you.
You hit Arachne but do no damage.
Arachne is almost dead.
Your shadow hits Arachne but does no damage.
Arachne stares at you and mumbles some strange words.
The poison arrow hits you!!!
You are poisoned.
You emit a cloud of dark smoke.
You feel very sick.
You feel very sick. Arachne casts a spell at you. The poison arrow hits you!!!
You are more poisoned.
* * * LOW HITPOINT WARNING * * *
You emit a cloud of dark smoke.
You feel better.
Arachne mumbles some strange words.
Arachne blinks!
Okay, then.
Okay, then.
You feel much better. Arachne hits you but does no damage.
Arachne envenoms you.
* * * LOW HITPOINT WARNING * * *
You are poisoned.
Arachne stares at you and mumbles some strange words.
The poison arrow hits you!!!
You are more poisoned.
You die...

.#.^.......
.......^^.
#....... ......#
#....#####
##.§§§§§..#
...##.s§§H§§§####
#ss§§s§@§§..^.#
.^.^.§§§§§§.....#
....##§§§§^..<.##
... #.|...#..#.#
. ##...^######
....... ^........
.........^
.#.....


You could see Arachne and a redback.

Vanquished Creatures
  Mara (Depths:1)
  Bai Suzhen (Depths:1)
  A caustic shrike (Depths:1)
  Nikola (Spider:1)
  Rupert (Lair:4)
  A kraken (Shoals:4)
  3 sphinxes
  Donald (Shoals:2)
  2 frost giants (Depths:1)
  Ilsuiw (Shoals:3)
  A ghost moth (Spider:2)
  3 broodmothers
  2 stone giants
  A vampire knight (Depths:1)
  2 minotaurs (Shoals:4)
  Snorg (Orc:1)
  The ghost of Stonecrops the Cleaver, a journeyman MiFi of Okawaru (D:12)
  4 merfolk impalers
  A merfolk javelineer (Shoals:2)
  An ettin (Orc:2)
  Josephine (D:11)
  2 rakshasas
  2 entropy weavers
  6 hydras
  8 vault guards (D:13)
  3 merfolk avatars
  A catoblepas (Lair:5)
  5 centaur warriors
  A radroach (Spider:2)
  9 satyrs (Shoals:4)
  A death knight (D:11)
  4 boulder beetles
  An alligator snapping turtle (Shoals:4)
  2 merfolk aquamancers
  A deep troll shaman (Lair:5)
  7 death yaks
  4 two-headed ogres
  4 tengu warriors
  The ghost of generaletaddeo the Covert, a journeyman VSBr of Trog (Lair:1)
  A deep troll earth mage (D:11)
  A death yak (shapeshifter) (D:11)
  Urug (Lair:3)
  Amaemon (Lair:3)
  2 pharaoh ants
  4 skeletal warriors (D:13)
  A glowing orange brain (Lair:1)
  4 sea snakes
  A deep troll (D:11)
  6 orb spiders
  5 steelbarb worms
  A wizard (D:14)
  A lindwurm (Lair:5)
  17 wolf spiders
  3 orc knights
  15 harpies
  12 ugly things
  6 deep elf pyromancers
  9 fauns
  10 cyclopes
  17 manticores
  2 moths of wrath
  24 elephants
  A black mamba (Lair:3)
  4 water nymphs
  9 merfolk sirens
  2 torpor snails
  An orange demon (Lair:3)
  3 cane toads
  A gargoyle (D:12)
  5 demonic crawlers (Spider:1)
  6 komodo dragons
  2 unseen horrors
  2 rime drakes
  2 freezing wraiths
  A tengu conjurer (D:15)
  An efreet (D:15)
  18 tarantellas
  22 merfolk
  A hornet (Lair:2)
  8 trolls
  2 polar bears (Lair:5)
  5 wind drakes
  15 blink frogs
  6 snapping turtles
  6 dream sheep
  19 slime creatures
  16 jumping spiders
  6 wyverns
  15 culicivoras
  A centaur simulacrum (D:14)
  9 water elementals
  8 wraiths
  A vampire (D:13)
  A steam dragon (D:8)
  7 basilisks
  44 yaks
  31 redbacks
  14 vampire mosquitoes
  A warg (Orc:1)
  3 acid dragons
  32 orc warriors
  13 water moccasins
  An ice beast (D:7)
  10 black bears
  10 ogres
  8 wolves
  15 centaurs
  2 kobold brigands (D:9)
  A gnoll sergeant (D:7)
  14 bullfrogs
  A necrophage (D:6)
  4 wights
  A scorpion (D:4)
  4 howler monkeys
  2 electric eels
  2 hounds (D:5)
  14 jellies
  13 orc priests
  19 orc wizards
  2 iguanas (D:6)
  17 gnolls
  5 adders
  3 worms
  2 dart slugs
  78 orcs
  13 endoplasms
  4 hobgoblins
  3 quokkas (D:1)
  10 ball pythons
  4 bats
  A frilled lizard (D:3)
  5 goblins
  10 kobolds
  4 rats
  3 tentacles (Shoals:4)
866 creatures vanquished.

Vanquished Creatures (collateral kills)
  Erica (D:8)
  A two-headed ogre (D:14)
  A satyr (Shoals:4)
  Lodul (D:11)
  3 fauns
  2 merfolk sirens (Shoals:3)
  Joseph (D:9)
  Maggie (D:7)
  5 merfolk
  10 orc warriors
  7 ogres (D:11)
  6 centaurs
  A gnoll sergeant (D:6)
  A bullfrog (D:6)
  A scorpion (D:5)
  5 wights
  A howler monkey (D:10)
  2 gnoll boudas
  2 orc priests (D:10)
  An orc wizard (D:9)
  9 gnolls
  13 orcs
  8 kobolds (D:9)
83 creatures vanquished.

Vanquished Creatures (others)
  27 dancing weapons
  65 fungi
  94 plants
  22 tentacles
208 creatures vanquished.

Grand Total: 1157 creatures vanquished

Notes
Turn   | Place    | Note
-------+----------+-------------------------------------------
     0 | D:1      | Decritt the Spriggan Enchanter began the quest for the Orb.
     0 | D:1      | Reached XP level 1. HP: 9/9 MP: 5/5
    65 | D:1      | You fall into a shaft and drop 1 floor!
   218 | D:1      | Reached XP level 2. HP: 13/13 MP: 6/6
   496 | D:1      | Reached skill level 3 in Spellcasting
   900 | D:2      | Identified the +2 robe of Fun {*Corrode Regen+ Int+7}
   933 | D:2      | Found a stormy altar of Qazlal.
  1024 | D:2      | Reached XP level 3. HP: 17/17 MP: 8/8
  1503 | D:3      | Found an iron altar of Okawaru.
  1555 | D:3      | Reached skill level 5 in Stealth
  1559 | D:3      | Learned a level 3 spell: Confusing Touch
  1563 | D:3      | Learned a level 3 spell: Tukima's Dance
  1566 | D:3      | Learned a level 2 spell: Ensorcelled Hibernation
  1589 | D:3      | Found Zin's Purification Station.
  1594 | D:3      | Found a glowing silver altar of Zin.
  1601 | D:3      | Bought a potion of curing for 90 gold pieces
  1627 | D:3      | Reached skill level 1 in Fighting
  1806 | D:2      | Reached XP level 4. HP: 22/22 MP: 7/10
  2124 | D:3      | Found a glowing golden altar of the Shining One.
  2124 | D:3      | Found a basalt altar of Yredelemnul.
  2132 | D:3      | Found a blossoming altar of Fedhas.
  2139 | D:3      | Found a shadowy altar of Dithmenos.
  2140 | D:3      | Found a faded altar of an unknown god.
  2145 | D:3      | Became a worshipper of Dithmenos the Shadowed
  2253 | D:3      | Found a faded altar of an unknown god.
  2470 | D:4      | Noticed a scorpion
  2477 | D:4      | Killed a scorpion
  2478 | D:4      | Reached XP level 5. HP: 25/25 MP: 6/11
  2593 | D:4      | Found the +4 dagger "Morg" {pain, Will+ Int+5}
  2606 | D:4      | Noticed an ogre
  2635 | D:4      | Noticed an ogre
  2659 | D:4      | Killed an ogre
  2720 | D:4      | Killed an ogre
  2721 | D:4      | Reached skill level 4 in Spellcasting
  2721 | D:4      | Reached XP level 6. HP: 30/30 MP: 6/13
  2825 | D:4      | Found a staircase to the Ecumenical Temple.
  2831 | Temple   | Entered the Ecumenical Temple
  3009 | D:4      | Reached skill level 1 in Necromancy
  3183 | D:4      | Found Gegesez's Weapon Emporium.
  3486 | D:5      | Entered Level 5 of the Dungeon
  3702 | D:5      | Reached XP level 7. HP: 34/35 MP: 1/14
  3819 | D:5      | Reached skill level 5 in Hexes
  4094 | D:5      | Reached skill level 5 in Dodging
  4294 | D:5      | Reached * piety under Dithmenos
  4390 | D:5      | Reached skill level 5 in Spellcasting
  4673 | D:5      | Reached XP level 8. HP: 39/39 MP: 16/16
  5471 | D:6      | Reached ** piety under Dithmenos
  5766 | D:6      | Noticed an oklob plant
  5864 | D:6      | Reached skill level 5 in Short Blades
  5866 | D:6      | Reached skill level 6 in Spellcasting
  6161 | D:6      | Reached XP level 9. HP: 44/44 MP: 14/19
  6929 | D:7      | Noticed Maggie
  6945 | D:7      | Killed Maggie
  6946 | D:7      | Reached skill level 7 in Spellcasting
  7203 | D:7      | Found a sparkling altar of Nemelex Xobeh.
  7721 | D:8      | Reached skill level 10 in Stealth
  7910 | D:8      | Reached *** piety under Dithmenos
  7911 | D:8      | Reached XP level 10. HP: 35/51 MP: 11/22
  7945 | D:8      | Found a staircase to the Lair.
  8205 | D:8      | Noticed Erica
  8307 | D:8      | Found a stormy altar of Qazlal.
  8578 | D:8      | Killed Erica
  8579 | D:8      | Reached skill level 5 in Fighting
  8579 | D:8      | Reached skill level 8 in Spellcasting
  9035 | D:9      | Reached **** piety under Dithmenos
  9446 | D:9      | Found a staircase to the Orcish Mines.
  9483 | D:9      | Noticed Joseph
  9506 | D:9      | Killed Joseph
  9632 | D:9      | Reached XP level 11. HP: 56/56 MP: 13/24
  9920 | D:10     | Entered Level 10 of the Dungeon
 10226 | D:10     | Identified the amulet "Zepuntal" {Acrobat rN+ Stlth+}
 10341 | D:10     | Reached ***** piety under Dithmenos
 10342 | D:10     | Reached skill level 9 in Spellcasting
 10751 | D:10     | Found a sacrificial altar of Ru.
 10766 | D:10     | Found an opulent altar of Gozag.
 10770 | D:10     | Found Gozag's Platinum Reserve.
 10931 | D:11     | Noticed a boulder beetle
 10942 | D:11     | Killed a boulder beetle
 10943 | D:11     | Reached skill level 10 in Dodging
 11022 | D:11     | Noticed a boulder beetle
 11025 | D:11     | Noticed a deep elf pyromancer
 11030 | D:11     | Killed a boulder beetle
 11036 | D:11     | Killed a deep elf pyromancer
 11063 | D:11     | Noticed Lodul
 11092 | D:11     | Reached skill level 10 in Hexes
 11113 | D:11     | Killed Lodul
 11516 | D:11     | Noticed a purple ugly thing
 11522 | D:11     | Noticed a tengu warrior
 11528 | D:11     | Killed a purple ugly thing
 11532 | D:11     | Killed a tengu warrior
 11544 | D:11     | Reached skill level 10 in Spellcasting
 11544 | D:11     | Reached XP level 12. HP: 59/62 MP: 4/27
 11666 | D:11     | Noticed a deep troll earth mage
 11671 | D:11     | Killed a deep troll earth mage
 11710 | D:11     | Noticed a centaur warrior
 11723 | D:11     | Killed a centaur warrior
 11754 | D:11     | Noticed a death yak
 11755 | D:11     | Identified the ring "Izeig" {AC+4 Str+4}
 11755 | D:11     | Noticed a death knight
 11770 | D:11     | Killed a death knight
 11780 | D:11     | Noticed a two-headed ogre
 11793 | D:11     | Killed a death yak
 11796 | D:11     | Killed a two-headed ogre
 11849 | D:11     | Found the +7 Spriggan's Knife {stab, EV+4 Stlth+}
 11867 | D:11     | Identified the +0 ring mail of Greed {rPois Dex+3}
 12077 | D:11     | Noticed Josephine
 12250 | D:11     | Killed Josephine
 12416 | D:12     | Learned a level 3 spell: Dazzling Flash
 12545 | D:12     | Reached skill level 11 in Spellcasting
 12637 | D:12     | Found a runed translucent gate.
 12637 | D:12     | Found a runed translucent gate.
 12637 | D:12     | Found a runed translucent gate.
 12638 | D:12     | Noticed Stonecrops's ghost (journeyman MiFi)
 12638 | D:12     | Noticed a nine-headed hydra
 12639 | D:12     | Noticed an 11-headed hydra
 12711 | D:12     | Found a runed translucent door.
 12856 | D:12     | Reached skill level 10 in Short Blades
 12876 | D:12     | Reached skill level 1 in Invocations
 13090 | D:13     | Noticed a vault guard
 13090 | D:13     | Noticed a vault guard
 13091 | D:13     | Found a gate to the Vaults.
 13091 | D:13     | Noticed a vault guard
 13091 | D:13     | Noticed a vault guard
 13091 | D:13     | Noticed a vault guard
 13093 | D:13     | Noticed a vault guard
 13093 | D:13     | Noticed a vault guard
 13093 | D:13     | Noticed a vault guard
 13098 | D:13     | Killed a vault guard
 13099 | D:13     | Killed a vault guard
 13100 | D:13     | Reached XP level 13. HP: 67/67 MP: 23/29
 13132 | D:13     | Reached skill level 1 in Armour
 13132 | D:13     | Reached skill level 1 in Shields
 13583 | D:13     | Reached ****** piety under Dithmenos
 14423 | D:14     | Reached skill level 12 in Spellcasting
 14747 | Lair:1   | Entered Level 1 of the Lair of Beasts
 14764 | Lair:1   | Found a runed translucent gate.
 14764 | Lair:1   | Found a runed translucent gate.
 14765 | Lair:1   | Found a runed translucent gate.
 14767 | Lair:1   | Noticed generaletaddeo's ghost (journeyman VSBr)
 14796 | Lair:1   | Found a viscous altar of Jiyva.
 14941 | Lair:1   | Killed generaletaddeo's ghost
 15242 | Lair:1   | Reached XP level 14. HP: 74/74 MP: 28/31
 16307 | Lair:2   | Learned a level 7 spell: Enfeeble
 16675 | Lair:3   | Noticed Urug
 16683 | Lair:3   | Killed Urug
 16851 | Lair:3   | Noticed Amaemon
 16858 | Lair:3   | Killed Amaemon
 16919 | Lair:3   | Reached skill level 5 in Invocations
 17169 | Lair:3   | Found a staircase to the Shoals.
 17280 | Lair:3   | Found a hole to the Spider Nest.
 17927 | Lair:4   | Reached skill level 13 in Spellcasting
 18170 | Lair:4   | Found a staircase to the Slime Pits.
 18305 | Lair:4   | Noticed Rupert
 18312 | Lair:4   | Killed Rupert
 18782 | Lair:5   | Entered Level 5 of the Lair of Beasts
 18999 | Lair:5   | Found a sacrificial altar of Ru.
 19423 | Lair:5   | Reached XP level 15. HP: 78/78 MP: 33/33
 19730 | Lair:5   | Identified 2 scrolls of acquirement
 19732 | Lair:5   | Acquired the ring of Lesser Demons {rN+ MP+9}
 19736 | Lair:5   | Acquired the amulet "Gidgh" {RegenMP Regen+}
 20130 | D:8      | Upgraded the game from 0.30-a0-219-gf2db51d15e to
                  | 0.30-a0-222-ge547ba4400
 20788 | D:12     | Killed Stonecrops's ghost
 20888 | D:14     | Reached skill level 5 in Shields
 20896 | D:14     | Reached skill level 5 in Armour
 20999 | D:14     | Got the Commentary on the Scorching Wind
 21163 | D:14     | Reached skill level 14 in Spellcasting
 21479 | D:15     | Entered Level 15 of the Dungeon
 21550 | D:15     | Reached skill level 1 in Evocations
 21654 | D:15     | Reached skill level 15 in Dodging
 22259 | D:15     | Found a staircase to the Depths.
 22681 | Shoals:1 | Entered Level 1 of the Shoals
 22792 | Shoals:1 | Found Ivoc's Jewellery Boutique.
 23076 | Shoals:1 | Noticed a kraken
 23084 | Shoals:1 | Reached skill level 15 in Spellcasting
 23203 | Shoals:1 | Found Lasen's General Store.
 24149 | Shoals:2 | Noticed Donald
 24159 | Shoals:2 | Killed Donald
 24541 | Shoals:2 | Identified the +2 arbalest of Suapni Wejis {penet, rElec
                  | Str+3}
 24772 | Shoals:3 | Noticed Ilsuiw
 24923 | Shoals:3 | Reached XP level 16. HP: 84/84 MP: 26/36
 25041 | Shoals:3 | Noticed a kraken
 26517 | Shoals:3 | Killed Ilsuiw
 26935 | Shoals:4 | Entered Level 4 of the Shoals
 26935 | Shoals:4 | Noticed a kraken
 27002 | Shoals:4 | Reached skill level 15 in Hexes
 27480 | Depths:1 | Entered Level 1 of the Depths
 27482 | Depths:1 | Reached skill level 16 in Spellcasting
 27508 | Depths:1 | Noticed Bai Suzhen
 27516 | Depths:1 | Killed Bai Suzhen
 27731 | Depths:1 | Found a gateway to Hell.
 27732 | Depths:1 | Found Quoba Haw's Weapon Shop.
 27802 | Depths:1 | Noticed a sphinx
 27804 | Depths:1 | Killed a sphinx
 27805 | Depths:1 | Noticed Mara
 27811 | Depths:1 | Killed Mara
 27863 | Depths:1 | Noticed a storm dragon
 27864 | Depths:1 | Noticed a caustic shrike
 27867 | Depths:1 | Noticed a juggernaut
 27867 | Depths:1 | Noticed a tentacled monstrosity
 27868 | Depths:1 | Killed a caustic shrike
 27869 | Depths:1 | Noticed a golden dragon
 27921 | Depths:1 | Noticed a shadow dragon
 28525 | Shoals:4 | Killed a kraken
 28526 | Shoals:4 | Reached skill level 10 in Fighting
 28751 | Shoals:4 | Identified the ring "Befu Aca" {rC+ EV+4}
 29039 | Shoals:4 | Noticed a sphinx
 29060 | Shoals:4 | Killed a sphinx
 29061 | Shoals:4 | Reached skill level 17 in Spellcasting
 29130 | Shoals:4 | Noticed a sphinx
 29140 | Shoals:4 | Killed a sphinx
 29516 | Shoals:4 | Got a barnacled rune of Zot
 29548 | Shoals:4 | Identified the +11 trident of Innocence {drain, rN++}
 29569 | Shoals:4 | Reached XP level 17. HP: 89/89 MP: 39/39
 30143 | Orc:1    | Entered Level 1 of the Orcish Mines
 30427 | Orc:1    | Noticed Snorg
 30435 | Orc:1    | Killed Snorg
 30689 | Orc:2    | Entered Level 2 of the Orcish Mines
 30961 | Orc:2    | Found a staircase to the Elven Halls.
 31259 | Orc:2    | Reached skill level 1 in Throwing
 31616 | Orc:2    | Found Toriphem's Antique Armour Shoppe.
 31616 | Orc:2    | Found Kiw Zaij's Weapon Shop.
 31618 | Orc:2    | Found Qacw's Weapon Boutique.
 31620 | Orc:2    | Found Tiplenk's Distillery.
 31632 | Orc:2    | Bought a potion of invisibility for 104 gold pieces
 31781 | Orc:2    | Bought swamp dragon scales for 1100 gold pieces
 31983 | Spider:1 | Entered Level 1 of the Spider Nest
 31983 | Spider:1 | Noticed Nikola
 31991 | Spider:1 | Killed Nikola
 32282 | Spider:1 | Identified the +1 chain mail "Veilem" {+Blink rCorr Str-3
                  | Dex-2}
 32352 | Spider:1 | Reached skill level 18 in Spellcasting
 33408 | Lair:3   | Acquired the quicksilver dragon scales "Dilus" {Will+
                  | Regen+ Int+6}
 34092 | Spider:2 | Reached skill level 15 in Stealth
 34096 | Spider:2 | Identified the +8 chain mail of Ucrell {rN+}
 34653 | Spider:2 | Identified Roxanne's Parchment of Shapeshifting
 34653 | Spider:2 | Noticed Roxanne
 35300 | Spider:3 | Noticed Arachne
 35312 | Spider:3 | HP: 2/91 [Arachne/poison arrow (44)]
 35314 | Spider:3 | Killed from afar by Arachne

Illustrated notes

Levels and vault maps discovered:
D:1:      minmay_arrival_radiant_lines, layout_basic
D:2:      layout_rooms, basic_altar, guppyfry_early_lair_pool
D:3:      layout_basic, mainiacjoe_overflow_six_doors_small,
          chequers_temple_overflow_minitemple, zin_purify,
          chequers_ecumenical_altar_grove, minmay_quantized
D:4:      layout_basic, minmay_temple_entry_hall, serial_shops, shop
D:5:      layout_basic, serial_bayou_lagoon_b
D:6:      lemuel_slime, layout_cave_pods
D:7:      layout_basic, lemuel_crystal_altar, uniq_maggie
D:8:      layout_basic, kennysheep_little_box, due_lair_maze_entry_diamond,
          uniq_erica
D:9:      layout_cave_pools, orc_0_dummy, st_stairs_14, uniq_joseph
D:10:     layout_rooms, nicolae_ru_the_path_less_chosen,
          nicolae_gozag_zags_fifth_avenue
D:11:     minmay_tile_spiral, layout_basic, uniq_lodul, uniq_josephine
D:12:     layout_cave_pools, gammafunk_ghost_hydra_chop, minmay_misc_feat_rows,
          kennysheep_nub, minmay_crystal_box
D:13:     layout_big_octagon, erik_vaults_2
D:14:     layout_gridville, nrook_mini_backslash
D:15:     grunt_enter_depths_snipers, layout_irregular_city, chequers_big_river
Temple:   nicolae_temple_ecumenical_triangle
Lair:1:   layout_loops_ring, gammafunk_ghost_ooze
Lair:2:   layout_roguey, grunt_megastairs_2, lemuel_fruit_tree
Lair:3:   layout_chaotic_city, elwin_shoals_entry_rooms,
          nicolae_spider_entry_orb_guardian, kennysheep_basilisk_garden,
          grunt_megastairs_4, uniq_amaemon, uniq_urug
Lair:4:   layout_regular_city, slime_entry_1, beast_lair_carwin_4, uniq_rupert
Lair:5:   grunt_lair_end_beastmaster, layout_gridlike, basic_altar
Shoals:1: layout_shoals, serial_shops, nicolae_shop_behind_doors,
          nicolae_take_the_stairs
Shoals:2: layout_shoals, nicolae_shoals_lost_giant_temple, uniq_donald
Shoals:3: layout_shoals, uniq_ilsuiw
Shoals:4: shoals_end_hellmonk_lost_city, serial_shops
Spider:1: cheibrodos_spider_silkery, nicolae_spider_twisty_arc_passages,
          uniq_nikola
Spider:2: layout_cave_pods, nicolae_spider_moth_buddies, uniq_roxanne
Spider:3: layout_spider_delve, hellmonk_test_site,
          hangedman_spider_tarantella_strand, uniq_arachne, uniq_mlioglotl
Orc:1:    layout_caves, uniq_snorg
Orc:2:    st_orc_rangers, layout_diamond_mine
Depths:1: nicolae_terramorphic_expanse [nicolae_terramorphic_quarter,
          nicolae_terramorphic_quarter, nicolae_terramorphic_quarter,
          nicolae_terramorphic_quarter, nicolae_terramorphic_quarter,
          nicolae_terramorphic_biome, nicolae_terramorphic_biome,
          nicolae_terramorphic_biome, nicolae_terramorphic_biome],
          layout_gridlike, hell_entry, serial_shops, kennysheep_mini_moat,
          fedhas_altar_3, minmay_misc_feat_alley, serial_bayou_ford_a,
          eino_small_chamber_without_monster, minmay_the_grid_2x2
          [minmay_the_grid_fan, minmay_the_grid_large_cup,
          minmay_the_grid_armoury, minmay_the_grid_prize_trominoes],
          serial_bayou_shore_b, serial_bayou_shore_b, uniq_bai_suzhen, uniq_mara

Skill      XL: |  1  2  3  4  5  6  7  8  9 10 11 12 13 14 15 16 17 |
---------------+----------------------------------------------------+-----
Spellcasting   | 3 4 5 6 7 8 10 11 12 13 15 17 18 | 18.6
Dodging        | 3 4 5 6 8 9 10 12 13 14 15 16 17 | 17.6
Short Blades   | 2 3 4 5 6 7 8 10 11 12 13 | 13.1
Stealth        | 5 6 7 8 10 11 13 14 15 | 15.2
Hexes          | 4 5 6 7 9 10 11 12 13 14 15 16 | 16.4
Fighting       | 1 2 3 4 5 6 7 8 9 10 | 10.9
Necromancy     | 1 |  1.1
Invocations    | 1 4 5 6 8 9 |  9.0
Armour         | 3 4 5 |  5.7
Shields        | 3 4 5 |  5.0
Evocations     | 4 |  4.4
Throwing       | 1 |  1.0

Action                   |  1- 3 |  4- 6 |  7- 9 | 10-12 | 13-15 | 16-18 || total
-------------------------+-------+-------+-------+-------+-------+-------++-------
Melee: Dagger            |   157 |    61 |   284 |   333 |       |       ||   835
       Punch             |     2 |     1 |     5 |     4 |     2 |       ||    14
       Knife             |       |       |       |    96 |   597 |   950 ||  1643
 Cast: Ensorcelled Hiber |     5 |    21 |    58 |    84 |   150 |   122 ||   440
       Confusing Touch   |       |     2 |     5 |    32 |    63 |    17 ||   119
       Tukima's Dance    |       |     2 |    30 |    50 |    34 |    70 ||   186
       Dazzling Flash    |       |       |       |     1 |    16 |    63 ||    80
       Enfeeble          |       |       |       |       |     7 |    33 ||    40
Evoke: Wand              |       |       |       |       |     2 |       ||     2
  Use: Scroll            |       |     8 |    12 |     6 |    10 |     5 ||    41
       Potion            |       |       |       |       |     4 |    11 ||    15
 Stab: Sleeping          |    11 |    16 |    47 |    62 |   167 |   140 ||   443
       Distracted        |       |     1 |     1 |     4 |    21 |    37 ||    64
       Confused          |       |       |     4 |    32 |    65 |     8 ||   109
       Invisible         |       |       |       |     1 |    27 |   122 ||   150
Armor: Robe              |    18 |     4 |    27 |    31 |    31 |    22 ||   133
       Swamp dragon scal |       |       |       |       |       |    31 ||    31
       Quicksilver drago |       |       |       |       |       |    19 ||    19
Dodge: Dodged            |   125 |    61 |   338 |   390 |   494 |  1105 ||  2513
Block: Buckler           |       |       |       |       |   120 |   459 ||   579

Table legend: (Time is in decaauts)
 A = Elapsed time spent in this place.
 B = Non-inter-level travel time spent in this place.
 C = Inter-level travel time spent in this place.
 D = Time resting spent in this place.
 E = Time spent auto-exploring this place.
 F = Levels seen in this place.
 G = Mean time per level.
                   A        B        C        D        E       F      G
               +--------+--------+--------+--------+--------+-----+--------+
         Total |  26639 |  24785 |   1854 |   5742 |  11005 |  31 |  859.3 |
       Dungeon |  13193 |  12241 |    952 |   1763 |   6950 |  15 |  879.5 |
        Temple |     23 |     18 |      5 |      0 |     15 |   1 |   23.0 |
          Lair |   4441 |   4012 |    429 |   1024 |   1976 |   5 |  888.2 |
        Shoals |   5026 |   4718 |    308 |   2041 |    618 |   4 | 1256.5 |
   Spider Nest |   2262 |   2174 |     88 |    566 |    876 |   3 |  754.0 |
  Orcish Mines |   1308 |   1239 |     69 |    212 |    570 |   2 |  654.0 |
        Depths |    382 |    382 |      0 |    135 |      0 |   1 |  382.0 |
               +--------+--------+--------+--------+--------+-----+--------+

Top non-repeatable levels by time:
Shoals:3: 1719 daAuts
     D:6: 1337 daAuts
Shoals:2: 1319 daAuts
Spider:1: 1188 daAuts
  Lair:3: 1181 daAuts
    D:13: 1157 daAuts
    D:11: 1150 daAuts
Shoals:4: 1141 daAuts
  Lair:1: 1071 daAuts
Spider:2: 1065 daAuts
     D:8: 1022 daAuts
     D:7: 973 daAuts
    D:15: 933 daAuts
  Lair:4: 917 daAuts
     D:5: 911 daAuts
